 Dungeon Crawl Stone Soup version 0.29-a0-847-g24c0ca63c9 (webtiles) character file.

Game seed: 13145550975292955749

54061 Malachi the Bludgeoner (level 14, -4/115 HPs)
             Began as a Palentonga Fighter on July 16, 2022.
             Was a Priest of the Shining One.
             Slain by a dire elephant (15 damage)
             ... on level 6 of the Lair of Beasts.
             The game lasted 00:35:38 (20150 turns).

Malachi the Bludgeoner (Palentonga Fighter)        Turns: 20150, Time: 00:35:39

Health: -4/115     AC: 30    Str: 23    XL:     14   Next: 33%
Magic:  26/32      EV:  5    Int: 12    God:    the Shining One [***...]
Gold:   883        SH: 16    Dex: 11    Spells: 13/13 levels left

rFire   + + +      SeeInvis +   o - +9 eveningstar "Goblinbane" {venom, rF+}
rCold   . . .      Faith    .   c - +0 buckler
rNeg    + . .      Spirit   .   n - +2 plate armour {rF+}
rPois   .          Reflect  .   h - +2 helmet {Int+3}
rElec   .          Harm     .   b - +0 cloak {rF+}
rCorr   +          Rampage  .   (no gloves)
Will    +....                   (no barding)
Stlth   ..........              F - amulet "Egaorups" {Regen+ rCorr MP+9 Stlth+}
HPRegen 1.09/turn               u - +4 ring of protection
MPRegen 0.23/turn               e - ring of protection from fire

@: divinely shielded, about to teleport, glowing, curled up
A: large, rugged brown scales 3, see invisible, deformed body, roll 1, armoured
tail, reflexive curl
a: Rolling Charge, Renounce Religion, Divine Shield, Cleansing Flame


You were on level 6 of the Lair of Beasts.
You worshipped the Shining One.
The Shining One was most pleased with you.
You visited 3 branches of the dungeon, and saw 17 of its levels.
You also visited: Volcano.

You collected 1246 gold pieces.
You spent 363 gold pieces at shops.

Inventory:

Hand Weapons
 a - a +2 flail of electrocution
 o - the +9 eveningstar "Goblinbane" (weapon) {venom, rF+}
   (You acquired it on level 4 of the Lair of Beasts)

   It poisons the flesh of those it strikes.
   rF:        It protects you from fire.
Armour
 b - a +0 cloak of fire resistance (worn)
 c - a +0 buckler (worn)
 h - a +2 helmet of intelligence (worn)
 n - a +2 plate armour of fire resistance (worn)
 r - the +0 ring mail of the Teaching Gods {rN++ Regen+ rCorr Dex-3}
   (You bought it in a shop on level 6 of the Dungeon)

   Dex:       It affects your dexterity (-3).
   rN:        It greatly protects you from negative energy.
   Regen:     It increases your rate of health regeneration.
   rCorr:     It protects you from acid and corrosion.
Jewellery
 e - a ring of protection from fire (right hand)
 s - a ring of willpower
 u - a +4 ring of protection (left hand)
 F - the amulet "Egaorups" (around neck) {Regen+ rCorr MP+9 Stlth+}
   (You found it on level 6 of the Lair of Beasts)

   [amulet of regeneration]

   MP:        It affects your magic capacity (+9).
   Regen:     It increases your rate of health regeneration.
   rCorr:     It protects you from acid and corrosion.
   Stlth:     It makes you more stealthy.
Wands
 d - a wand of paralysis (3)
 g - a wand of flame (8)
 B - a wand of light (6)
 C - a wand of polymorph (8)
 I - a wand of roots (12)
Scrolls
 i - 3 scrolls of enchant armour
 j - 3 scrolls of amnesia
 l - a scroll of vulnerability
 q - a scroll of fear
 x - 2 scrolls of blinking
 y - a scroll of fog
 D - a scroll of summoning
 J - a scroll of teleportation
Potions
 f - 2 potions of heal wounds
 k - a potion of curing
 m - 2 potions of flight
 p - 6 potions of mutation
 t - 2 potions of haste
 v - 4 potions of magic
 w - 2 potions of attraction {unknown}
 z - 2 potions of resistance {unknown}
 A - 2 potions of cancellation {unknown}
 E - 2 potions of brilliance {unknown}
 K - 2 potions of might
Miscellaneous
 H - a tin of tremorstones (2/2)


   Skills:
 - Level 9.0 Fighting
 + Level 15.4 Maces & Flails
 - Level 10.0 Armour
 - Level 10.0 Shields
 - Level 12.0 Invocations


You had 13 spell levels left.
You didn't know any spells.
Your spell library contained the following spells:

 Spells                   Type           Power      Damage    Failure   Level
 Foxfire                  Conj/Fire      0%         2x1d4     99%         1
 Slow                     Hex            0%         N/A       99%         1
 Confusing Touch          Hex            0%         N/A       100%        3
 Conjure Flame            Conj/Fire      0%         6-21      100%        3
 Dazzling Flash           Conj/Hex       0%         N/A       100%        3
 Gell's Gravitas          Tloc           0%         N/A       100%        3
 Inner Flame              Hex/Fire       0%         N/A       100%        3
 Lesser Beckoning         Tloc           0%         N/A       100%        3
 Teleport Other           Tloc           0%         N/A       100%        3
 Vampiric Draining        Necr           0%         2d6       100%        3
 Flame Wave               Conj/Fire      0%         2d4       100%        4
 Iskenderun's Mystic Bla  Conj/Tloc      0%         2d3       100%        4
 Fireball                 Conj/Fire      0%         3d3       100%        5
 Iskenderun's Battlesphe  Conj           0%         2d6       100%        5
 Summon Forest            Summ/Tloc      0%         N/A       100%        5
 Summon Mana Viper        Hex/Summ       0%         N/A       100%        5
 Conjure Ball Lightning   Conj/Air       0%         3x3d6     100%        6
 Dispersal                Tloc           0%         N/A       100%        6
 Starburst                Conj/Fire      0%         6d3       100%        6
 Summon Cactus Giant      Summ           0%         N/A       100%        6
 Orb of Destruction       Conj           0%         9d5       100%        7


Dungeon Overview and Level Annotations

Branches:
Dungeon (11/15)            Temple (1/1) D:6            Lair (6/6) D:9
 Shoals (0/4) Lair:4       Spider (0/4) Lair:2        Slime (0/5) Lair:6
Volcano (visited)
    Orc: D:9-12

Altars:
Ashenzari
Cheibriados
Dithmenos
Elyvilon
Fedhas
Gozag
Hepliaklqana
Kikubaaqudgha
Makhleb
Nemelex Xobeh
Okawaru
Qazlal
Ru
Sif Muna
Trog
Uskayaw
Vehumet
Wu Jian
Xom
Zin
The Shining One
Jiyva

Shops:
D:6 [

Annotations:
D:4 Eustachio
D:9 2 transporters, Malachi's ghost, journeyman DjAE


Innate Abilities, Weirdness & Mutations

You are completely covered in rugged brown scales. (AC +3, +7% HP)
You have supernaturally acute eyesight. (SInv)
Armour fits poorly on your strangely shaped body.
You can roll at nearby foes to attack.
You have a long armoured tail.
You curl defensively after being hit. (AC +7*)


Message History

Activating: Cleansing Flame (3% risk of failure)
Press: ? - help, Dir - look around, f - activate The golden flame engulfs you but does no damage.
You resist.
The golden flame engulfs the dire elephant!!
The dire elephant is almost dead.
The golden flame engulfs the dire elephant!
The dire elephant is moderately wounded.
The dire elephant tramples you but does no damage.
You block the dire elephant's attack.
The dire elephant tramples you but does no damage.
You block the dire elephant's attack.
Unknown command.
Unknown command.
The dire elephant attacks as you move away!
The dire elephant tramples you but does no damage.
The dire elephant trunk-slaps you but does no damage.
The dire elephant attacks as you move away!
The dire elephant tramples you!
* * * LOW HITPOINT WARNING * * *
The dire elephant barely misses you.
You kill the dire elephant!
A freezing mist starts to gather...
A dire elephant simulacrum comes into view.
There is a large open door here.
As you read the scroll of teleportation, it crumbles to dust.
You feel strangely unstable. The dire elephant tramples you.
* * * LOW HITPOINT WARNING * * *
You hold your ground!
The dire elephant trunk-slaps you but does no damage.
Unknown command.
The dire elephant attacks as you move away!
The dire elephant tramples you!!
* * * LOW HITPOINT WARNING * * *
You block the dire elephant's attack.
The necromancer casts a spell.
The necromancer binds the souls of nearby monsters.
The dire elephant attacks as you move away!
The dire elephant tramples you!
You die...

#.#.P#≈...##
P.##.####'##
..♣#P..#8.8# #
###.#...#
#.##.p####
#..#..'..#
##.#..Z..###
#.#####Y..#
#P...'@..##
######..'....#
#...'..8#....#
#...#####P...#
#.)P# ##..##
#...# #...#
#...# ♣...♣
#8(8###♣♣..♣♣
#######♣..♣♣


You could see a dire elephant (soul bound, very poisoned).

Vanquished Creatures
  A dire elephant (Lair:6)
  12 hydras
  A catoblepas (Lair:6)
  A centaur warrior (Volcano)
  3 two-headed ogres
  6 death yaks
  A hell knight (Volcano)
  2 spectral death yaks (Lair:6)
  A spectral anaconda (Lair:6)
  An obsidian statue (Lair:6)
  2 lindwurms
  A necromancer (Lair:6)
  A manticore (D:11)
  A merfolk siren (Lair:4)
  A salamander (Lair:4)
  15 elephants
  5 black mambas
  17 cane toads
  A yaktaur (Volcano)
  An unseen horror (D:11)
  6 komodo dragons
  2 rime drakes
  2 polar bears
  2 trolls
  2 hornets
  8 blink frogs
  A spectral elephant (Lair:6)
  A jumping spider (Lair:2)
  A wraith (D:11)
  55 yaks
  4 wyverns
  2 shadows (D:11)
  5 basilisks
  2 fire bats (Lair:4)
  3 spectral cane toads (Lair:6)
  5 steam dragons
  2 acid dragons
  9 water moccasins
  A hornet zombie (D:6)
  A black bear (D:6)
  An ice beast (D:7)
  An elephant zombie (Lair:6)
  An ogre (D:7)
  2 orc warriors
  13 wolves (Lair:3)
  7 centaurs
  A kobold brigand (D:8)
  9 bullfrogs
  3 necrophages
  A scorpion (Lair:1)
  13 wights
  12 killer bees
  5 howler monkeys
  A centaur zombie (D:6)
  A bullfrog zombie (D:6)
  A gnoll bouda (D:10)
  A human zombie (D:6)
  A jelly (Lair:6)
  2 orc priests
  3 hounds
  6 orc wizards
  2 killer bee zombies (D:6)
  2 mummies (D:6)
  5 gnolls (D:10)
  5 adders (D:3)
  5 white imps
  A worm (D:3)
  2 dart slugs
  18 orcs
  8 ball pythons
  10 endoplasms
  2 giant cockroaches (D:2)
  5 goblins
  4 hobgoblins
  A quokka (D:1)
  5 bats
  3 frilled lizards
  14 kobolds
  5 rats
  A bush (Lair:1)
371 creatures vanquished.

Vanquished Creatures (collateral kills)
  A gargoyle (D:7)
  A jelly (D:7)
2 creatures vanquished.

Vanquished Creatures (others)
  An angel (D:6)
  A howler monkey (D:6)
  An adder (D:6)
  An orc (D:7)
  A bush (Lair:6)
  47 fungi
  78 plants
  10 withered plants (Lair:6)
140 creatures vanquished.

Grand Total: 513 creatures vanquished

Notes
Turn   | Place    | Note
-------+----------+-------------------------------------------
     0 | D:1      | Malachi the Palentonga Fighter began the quest for the Orb.
     0 | D:1      | Reached XP level 1. HP: 19/19 MP: 1/1
   344 | D:1      | Found a faded altar of an unknown god.
   482 | D:1      | Reached XP level 2. HP: 25/25 MP: 2/2
   591 | D:1      | Reached skill level 3 in Maces & Flails
  1355 | D:2      | HP: 1/25 [orc wizard/+0 dagger (1)]
  1659 | D:2      | Found a snail-covered altar of Cheibriados.
  1700 | D:2      | Reached XP level 3. HP: 24/31 MP: 3/3
  1938 | D:2      | Reached skill level 4 in Maces & Flails
  1943 | D:2      | Reached XP level 4. HP: 26/37 MP: 4/4
  2294 | D:3      | Reached skill level 5 in Maces & Flails
  2565 | D:3      | Reached XP level 5. HP: 36/43 MP: 5/5
  3109 | D:4      | Noticed Eustachio
  3128 | D:4      | You fall into a shaft and drop 2 floors!
  3128 | D:6      | Found an iron altar of Okawaru.
  3128 | D:6      | Found an opulent altar of Gozag.
  3128 | D:6      | Found a bloodstained altar of Trog.
  3197 | D:6      | Found Igo Amm's Antique Armour Shop.
  3200 | D:6      | Bought a smoking ring mail for 198 gold pieces
  3200 | D:6      | Identified the +0 ring mail of the Teaching Gods {rN++
                  | Regen+ rCorr Dex-3} (You bought it in a shop on level 6 of
                  | the Dungeon)
  3213 | D:6      | Noticed a centaur
  3216 | D:6      | Killed a centaur
  3217 | D:6      | Reached skill level 6 in Maces & Flails
  3217 | D:6      | Reached XP level 6. HP: 44/50 MP: 6/6
  3431 | D:6      | Noticed a steam dragon
  3443 | D:6      | Reached skill level 7 in Maces & Flails
  3445 | D:6      | Killed a steam dragon
  3446 | D:6      | Gained mutation: You curl defensively after being hit. (AC
                  | +7*) [Palentonga growth]
  3446 | D:6      | Reached XP level 7. HP: 19/55 MP: 7/7
  3512 | D:6      | Found a staircase to the Ecumenical Temple.
  3519 | D:6      | Found a shimmering altar of Xom.
  3519 | D:6      | Noticed an angel
  3540 | D:6      | Reached skill level 8 in Maces & Flails
  3565 | Temple   | Entered the Ecumenical Temple
  3747 | Temple   | Became a worshipper of the Shining One
  4052 | D:6      | Found a glowing silver altar of Zin.
  4197 | D:6      | Found an ancient bone altar of Kikubaaqudgha.
  4327 | D:6      | Killed an angel
  4341 | D:6      | Reached skill level 9 in Maces & Flails
  4515 | D:6      | Reached XP level 8. HP: 61/62 MP: 8/8
  4515 | D:6      | Reached * piety under the Shining One
  4552 | D:6      | Reached skill level 10 in Maces & Flails
  4780 | D:7      | Noticed a gargoyle
  4798 | D:7      | Killed a gargoyle
  4799 | D:7      | Reached skill level 11 in Maces & Flails
  4834 | D:7      | Found a shimmering blue altar of Sif Muna.
  5323 | D:7      | Reached skill level 12 in Maces & Flails
  5323 | D:7      | Reached XP level 9. HP: 42/67 MP: 9/9
  5419 | D:7      | Found a shadowy altar of Dithmenos.
  5849 | D:8      | Reached skill level 13 in Maces & Flails
  5996 | D:8      | Noticed a two-headed ogre
  6006 | D:8      | Killed a two-headed ogre
  6007 | D:8      | Reached skill level 14 in Maces & Flails
  6007 | D:8      | Reached skill level 1 in Invocations
  6056 | D:8      | Found a burning altar of Makhleb.
  6123 | D:8      | Reached ** piety under the Shining One
  6165 | D:8      | Reached XP level 10. HP: 67/75 MP: 11/11
  6315 | D:6      | Bought a runed helmet for 165 gold pieces
  6824 | D:9      | Noticed a two-headed ogre
  6831 | D:9      | Killed a two-headed ogre
  6832 | D:9      | Reached skill level 5 in Fighting
  6923 | D:9      | Found a transporter.
  6926 | D:9      | Noticed Malachi's ghost (journeyman DjAE)
  6932 | D:9      | Found a transporter.
  6932 | D:9      | Noticed a moth of wrath
  6932 | D:9      | Noticed a two-headed ogre
  6937 | D:9      | Noticed a deep troll
  6950 | D:9      | Found a bloodstained altar of Trog.
  7007 | D:9      | Reached skill level 5 in Invocations
  7352 | D:9      | Found a staircase to the Lair.
  7774 | D:10     | Entered Level 10 of the Dungeon
  7774 | D:10     | Found a blossoming altar of Fedhas.
  7852 | D:10     | Noticed a two-headed ogre
  7859 | D:10     | Killed a two-headed ogre
  8013 | D:10     | Reached XP level 11. HP: 78/89 MP: 16/16
  8271 | D:10     | Found a radiant altar of Vehumet.
  8271 | D:10     | Found a sparkling altar of Nemelex Xobeh.
  8910 | D:11     | Noticed an eight-headed hydra
  9079 | D:11     | HP: 2/93 [eight-headed hydra (6)]
  9080 | D:11     | Killed an eight-headed hydra
 10100 | Lair:1   | Entered Level 1 of the Lair of Beasts
 10169 | Lair:1   | Reached *** piety under the Shining One
 10410 | Lair:1   | Noticed a seven-headed hydra
 10421 | Lair:1   | Killed a seven-headed hydra
 10422 | Lair:1   | Reached skill level 10 in Invocations
 11226 | Lair:2   | Found a hole to the Spider Nest.
 11306 | Lair:2   | Noticed an eight-headed hydra
 11381 | Lair:2   | Killed an eight-headed hydra
 11382 | Lair:2   | Reached XP level 12. HP: 37/101 MP: 17/21
 12224 | Lair:3   | Identified the +1 robe of Sufag {Int+7}
 12530 | Lair:3   | Reached skill level 5 in Shields
 12669 | Lair:3   | Noticed a seven-headed hydra
 13335 | Lair:3   | Reached skill level 5 in Armour
 13544 | Lair:3   | Killed a seven-headed hydra
 13630 | Lair:4   | Found a dark tunnel.
 13675 | Volcano  | Entered a volcano
 13787 | Volcano  | Noticed a centaur warrior
 13797 | Volcano  | Killed a centaur warrior
 13944 | Lair:4   | Noticed an eight-headed hydra
 13952 | Lair:4   | Killed an eight-headed hydra
 14220 | Lair:4   | Found a radiant altar of Vehumet.
 14506 | Lair:4   | Noticed a six-headed hydra
 14514 | Lair:4   | Killed a six-headed hydra
 14680 | Lair:4   | Reached XP level 13. HP: 104/108 MP: 22/22
 15566 | Lair:4   | Found a staircase to the Shoals.
 15740 | Lair:4   | Identified a scroll of acquirement
 15742 | Lair:4   | Acquired the +9 eveningstar "Goblinbane" {venom, rF+}
 17794 | Lair:6   | Entered Level 6 of the Lair of Beasts
 17823 | Lair:5   | Reached skill level 10 in Shields
 18621 | Lair:5   | Reached skill level 10 in Armour
 18621 | Lair:5   | Reached XP level 14. HP: 89/115 MP: 23/23
 19345 | Lair:6   | Found a viscous altar of Jiyva.
 19346 | Lair:6   | Found a staircase to the Slime Pits.
 19932 | Lair:6   | Reached **** piety under the Shining One
 19933 | Lair:6   | Reached skill level 15 in Maces & Flails
 19981 | Lair:6   | Identified the amulet "Egaorups" {Regen+ rCorr MP+9 Stlth+}
 20150 | Lair:6   | Slain by a dire elephant

Illustrated notes

Levels and vault maps discovered:
D:1:      dpeg_arrival_leaves_temple_mockup, layout_basic, serial_curves,
          eino_curves_03, eino_curves_02, nicolae_ecumenical_snake_handling
D:2:      layout_rooms, basic_altar, feat_on_display
D:3:      wander_river, layout_loops_cross, minmay_misc_feat_nine_boxes
D:4:      cheibrodos_quashed, layout_layer_cave, yredelemnul_altar_generic,
          hellmonk_ghost_happy_afterlife, st_stairs_10,
          amcnicky_mini_corridor_feature, eino_small_chamber_without_monster,
          minivault_4, corexii_shack, roderic_serpentine_path, uniq_eustachio
D:6:      layout_rooms, grunt_temple_overflow_order_and_chaos_1,
          gammafunk_temple_overflow_claw, lemuel_mausoleum_altar_kikubaaqudgha,
          minmay_temple_entry_statues_fountains, serial_shops,
          nicolae_shop_behind_doors
D:7:      layout_cave_pools, grunt_dithmenos_smoke_and_mirrors,
          mainiacjoe_overflow_six_doors_small, serial_bayou,
          serial_bayou_lagoon_a, serial_bayou_crossing, serial_bayou_pond_e,
          serial_bayou_pond_e
D:8:      layout_rooms, mainiacjoe_overflow_surrounded_room
D:9:      layout_rooms, david_lair_shrubbed, gammafunk_ghost_wrathful_warriors
D:10:     layout_stronghold, general_overflow_altar,
          gammafunk_temple_overflow_wave, eino_tiny_chamber
D:11:     layout_layer_cave
Temple:   chequers_temple_sunken
Lair:1:   layout_cave_pods, chequers_serial_rivers_small_3, minmay_hedge_maze
Lair:2:   layout_chaotic_city, spider_nest_entry_rubble
Lair:3:   beast_lair_carwin_large_2, layout_hall_layers, st_stairs_13
Lair:4:   layout_gridlike, minmay_shoals_entry_lonely_mermaid,
          nicolae_volcano_entry_vermiform, basic_altar,
          nicolae_quartered_pool_impasse
Lair:5:   layout_loops_ring, grunt_megastairs_5
Lair:6:   due_jungle_book, layout_misc_corridors,
          nicolae_slime_entry_slimehenge, st_stairs_5, serial_bayou_shore_b

Skill      XL: |  1  2  3  4  5  6  7  8  9 10 11 12 13 14 |
---------------+-------------------------------------------+-----
Maces & Flails | 3 4 5 6 7 9 12 14 15 | 15.4
Invocations    | 2 7 12 | 12.0
Fighting       | 7 9 |  9.0
Shields        | 3 7 10 | 10.0
Armour         | 6 10 | 10.0

Action                   |  1- 3 |  4- 6 |  7- 9 | 10-12 | 13-15 || total
-------------------------+-------+-------+-------+-------+-------++-------
Melee: Flail             |    94 |   106 |   274 |   541 |    82 ||  1097
       Tailslap          |    10 |     8 |    43 |   120 |   107 ||   288
       Eveningstar       |       |       |       |       |   342 ||   342
Invok: Divine Shield     |       |       |       |    10 |     6 ||    16
       Cleansing Flame   |       |       |       |       |     4 ||     4
 Abil: Rolling Charge    |    14 |     6 |    16 |    38 |    22 ||    96
Evoke: Wand              |       |       |     5 |       |       ||     5
  Use: Scroll            |     5 |       |     6 |    18 |     4 ||    33
       Potion            |     1 |     1 |     1 |     7 |     1 ||    11
Armor: Scale mail        |    60 |    25 |       |       |       ||    85
       Ring mail         |       |    44 |   120 |   239 |    25 ||   428
       Plate armour      |       |       |       |    45 |   307 ||   352
Dodge: Dodged            |    38 |    55 |    84 |   192 |    85 ||   454
Block: Buckler           |    23 |    25 |    36 |   154 |   155 ||   393

Table legend: (Time is in decaauts)
 A = Elapsed time spent in this place.
 B = Non-inter-level travel time spent in this place.
 C = Inter-level travel time spent in this place.
 D = Time resting spent in this place.
 E = Time spent auto-exploring this place.
 F = Levels seen in this place.
 G = Mean time per level.
                   A        B        C        D        E       F      G
               +--------+--------+--------+--------+--------+-----+--------+
         Total |  20046 |  19106 |    940 |   5173 |  10552 |  18 | 1113.7 |
       Dungeon |   9890 |   9329 |    561 |   2070 |   5520 |  10 |  989.0 |
        Temple |    246 |    218 |     28 |      0 |    208 |   1 |  246.0 |
          Lair |   9673 |   9323 |    350 |   3103 |   4737 |   6 | 1612.2 |
       Volcano |    236 |    236 |      0 |      0 |     86 |   1 |  236.0 |
               +--------+--------+--------+--------+--------+-----+--------+

Top non-repeatable levels by time:
  Lair:5: 2625 daAuts
  Lair:4: 2238 daAuts
     D:1: 1527 daAuts
     D:6: 1444 daAuts
  Lair:6: 1401 daAuts
  Lair:3: 1344 daAuts
    D:11: 1179 daAuts
     D:8: 1110 daAuts
    D:10: 1070 daAuts
  Lair:2: 1044 daAuts
  Lair:1: 1019 daAuts
     D:7: 1001 daAuts
     D:3: 977 daAuts
     D:9: 908 daAuts
     D:2: 666 daAuts
